 Dungeon Crawl Stone Soup version 0.25-a0-443-gece2dee8bd (webtiles) character file.

Game seed: 6407219398665905746, levelgen mode: deterministic

152 funkygono the Conjurer (level 5, -2/28 HPs)
             Began as a Deep Elf Conjurer on Jan 30, 2020.
             Splashed by a jelly's acid (7 damage)
             ... on level 3 of the Dungeon.
             The game lasted 00:08:30 (2328 turns).

funkygono the Conjurer (Deep Elf Conjurer)          Turns: 2328, Time: 00:08:33

Health: -2/28      AC: -1    Str:  5    XL:     5   Next: 11%
Magic:  0/14       EV: 13    Int: 21    God:
Gold:   118        SH:  0    Dex: 15    Spells: 10/13 levels left

rFire    . . .     SeeInvis .   l - +3 dagger (freeze)
rCold    . . .     Gourm    .   (no shield)
rNeg     . . .     Faith    .   a - +0 robe
rPois    .         Spirit   .   h - +0 helmet
rElec    .         Reflect  .   (no cloak)
rCorr    .         Harm     .   (no gloves)
MR       .....                  (no boots)
Stlth    ++........             (no amulet)
HPRegen  0.09/turn              (no ring)
MPRegen  0.14/turn              (no ring)

@: corroded
A: no striking features
a: no special abilities


You were on level 3 of the Dungeon.
You were not hungry.

You visited 1 branch of the dungeon, and saw 3 of its levels.

You collected 118 gold pieces.

Inventory:

Hand Weapons
 l - a +3 dagger of freezing (weapon)
Missiles
 n - 10 arrows
Armour
 a - a +0 robe (worn)
 h - a +0 helmet (worn)
Scrolls
 g - a scroll of random uselessness {unknown}
 m - 2 scrolls of fog {unknown}
Potions
 b - 2 potions of heal wounds {unknown}
 d - 2 potions of agility {unknown}
 e - 2 potions of curing {unknown}
 i - 2 potions of mutation {unknown}
 j - 3 potions of berserk rage {unknown}
 k - a potion of flight {unknown}
 o - a potion of invisibility {unknown}
Comestibles
 c - 4 rations
 f - 10 chunks of flesh


   Skills:
 + Level 1.2 Short Blades
 + Level 2.5 Dodging
 + Level 2.6 Stealth
 + Level 4.7 Spellcasting
 + Level 6.0 Conjurations


You had 10 spell levels left.
You knew the following spells:

 Your Spells              Type           Power        Failure   Level  Hunger
a - Magic Dart            Conj           ####         1%          1    None
b - Searing Ray           Conj           ####..       1%          2    #......

Your spell library contained the following spells:

 Spells                   Type           Power        Failure   Level  Hunger
 Dazzling Flash           Conj/Hex       ###...       10%         3    ##.....
 Fulminant Prism          Conj/Hex       ###.......   32%         4    ####...
 Iskenderun's Mystic Bla  Conj/Tloc      ###.....     32%         4    ####...


Dungeon Overview and Level Annotations

Branches:
Dungeon (3/15)

Altars:
Nemelex Xobeh


Message History

Aiming: Magic Dart (safe; 1% risk of failure)
Press: ? - help, Shift-Dir - straight line, f/p - jelly
Aim: a jelly (moderately wounded)
The magic dart hits the jelly.
The jelly is heavily wounded.
You hit the jelly. You freeze the jelly.
Your hands burn!
The jelly is heavily wounded.
The jelly hits you.
You are splashed with acid!
You hit the jelly. You freeze the jelly.
Your hands burn!
* * * LOW HITPOINT WARNING * * *
The jelly is severely wounded.
The jelly barely misses you.
You hit the jelly. You freeze the jelly. The acid corrodes you!
Your hands burn!
* * * LOW HITPOINT WARNING * * *
The jelly is almost dead.
The jelly hits you.
* * * LOW HITPOINT WARNING * * *
You are splashed with acid!
You die...

#..#.........#..
..............#
........../<...###
........J......#..##
.....#######)..#.#.# ##
..........รทรท...#...#..#
...###########%#.#...#
...............J...#
.....#######...#@#...#
...............#...#..#
........####.#.#.#.# #
.............#.#($##
............##(###
................####.
.#...................
.#.#.................
.#.#.................


You could see a jelly.

Vanquished Creatures
  A hound (D:3)
  4 adders
  4 worms
  2 dart slugs
  4 leopard geckos
  An orc (D:3)
  2 giant cockroaches
  8 hobgoblins
  4 jackals
  10 kobolds
  A quokka (D:2)
  A ball python (D:3)
  10 bats
  5 frilled lizards
  7 goblins
  7 rats
71 creatures vanquished.

Notes
Turn   | Place    | Note
-------+----------+-------------------------------------------
     0 | D:1      | funkygono the Deep Elf Conjurer began the quest for the
                  | Orb.
     0 | D:1      | Reached XP level 1. HP: 10/10 MP: 6/6
     2 | D:1      | Noticed an ogre
     2 | D:1      | Noticed a gargoyle
     4 | D:1      | Noticed a felid
     4 | D:1      | Noticed a merfolk
     6 | D:1      | Noticed an elf
    10 | D:1      | Noticed a ghoul
    12 | D:1      | Noticed a demigod
    12 | D:1      | Noticed a human
    14 | D:1      | Noticed a naga
    14 | D:1      | Noticed a tengu
    16 | D:1      | Noticed a vampire
    16 | D:1      | Noticed a centaur
    18 | D:1      | Noticed a formicid
    18 | D:1      | Noticed an octopode
    20 | D:1      | Noticed a halfling
    20 | D:1      | Noticed a minotaur
    22 | D:1      | Noticed a dwarf
    24 | D:1      | Noticed a demonspawn
    24 | D:1      | Noticed a troll
    26 | D:1      | Noticed a spriggan
    26 | D:1      | Noticed a draconian
    28 | D:1      | Noticed a vine stalker
   316 | D:1      | Reached XP level 2. HP: 15/15 MP: 6/8
   320 | D:1      | Learned a level 2 spell: Searing Ray
   469 | D:1      | Reached skill level 5 in Conjurations
   811 | D:1      | Found a sparkling altar of Nemelex Xobeh.
   999 | D:2      | Reached XP level 3. HP: 19/19 MP: 7/9
  1557 | D:2      | Reached XP level 4. HP: 24/24 MP: 5/11
  2262 | D:3      | Reached skill level 1 in Short Blades
  2270 | D:3      | Reached XP level 5. HP: 20/28 MP: 7/13
  2300 | D:3      | Reached skill level 6 in Conjurations
  2328 | D:3      | Splashed by a jelly's acid

Levels and vault maps discovered:
D:1:      kb_arrival_jail, layout_loops_corners, nemelex_diamond_rough_becter
D:2:      layout_loops_cross, first_ration
D:3:      minmay_spotlight, layout_basic, serial_co_window_serial,
          co_window_paths_b, co_window_paths_b, co_window_corner_a,
          co_window_paths_a, co_window_corner_a, co_window_paths_c,
          co_window_2corner, co_window_of_opportunity_b, glass_columns_a,
          uniq_natasha

Skill      XL: |  1  2  3  4  5 |
---------------+----------------+-----
Conjurations   | 5 6 |  6.0
Spellcasting   | 4 |  4.7
Short Blades   | 1 |  1.2
Dodging        | |  2.5
Stealth        | |  2.6

Action                   |  1- 3 |  4- 6 || total
-------------------------+-------+-------++-------
Melee: Short sword       |     1 |     1 ||     2
       Dagger            |       |     6 ||     6
 Cast: Magic Dart        |    65 |    45 ||   110
       Searing Ray       |     6 |     4 ||    10
  Use: Scroll            |     2 |     1 ||     3
  Eat: Chunk             |     2 |     2 ||     4
Armor: Robe              |     3 |     1 ||     4
Dodge: Dodged            |     8 |    11 ||    19

Table legend:
 A = Non-vault XP
 B = Vault XP
 C = Vault XP percentage of total XP
 D = Non-vault monster count
 E = Vault monster count
 F = Vault count percentage of total count
                 A         B        C        D         E       F
            +---------+---------+-------+---------+---------+-------
      Total |     193 |      25 |  11.5 |      64 |       7 |   9.9
            +---------+---------+-------+---------+---------+-------
        D:1 |      40 |       0 |   0.0 |      26 |       0 |   0.0
        D:2 |      74 |       0 |   0.0 |      24 |       0 |   0.0
        D:3 |      79 |      25 |  24.0 |      14 |       7 |  33.3
            +---------+---------+-------+---------+---------+-------
